 Dungeon Crawl Stone Soup version 0.19-a0-1889-g9c603be (webtiles) character file.

230087 vev the Impaler (level 19, -3/122 HPs)
             Began as a Tengu Abyssal Knight on Oct 16, 2016.
             Was the Champion of Lugonu.
             Slain by a shadow wraith (8 damage)
             ... summoned by Lugonu's corruption
             ... on level 1 of the Vaults on Oct 17, 2016.
             The game lasted 03:19:09 (44549 turns).

vev the Impaler (Tengu Abyssal Knight)             Turns: 44549, Time: 03:19:09

Health: -3/122     AC: 17    Str: 17    XL:     19   Next: 1%
Magic:  0/37       EV: 27    Int: 14    God:    Lugonu [******]
Gold:   3409       SH:  0    Dex: 20    Spells: 5 memorised, 13 levels left

rFire  . . .     SeeInvis .     b - +5 war axe of Evil {elec, rPois MR+ Str+4}
rCold  + . .     Gourm    +     c - +1 ring mail {MR+}
rNeg   . . .     Faith    .     (no shield)
rPois  +         Spirit   +     C - +2 hat {Spirit}
rElec  .         Reflect  .     H - +2 cloak
rCorr  .         Harm     .     M - +2 pair of gloves
MR     +++..                    (boots unavailable)
Stlth  +++.......               E - amulet of the gourmand
                                B - ring of magical power
                                u - ring of protection from cold

@: flying quickly and evasively, repel missiles, quick
A: antennae 1, beak, talons 3, poison resistance, evolution 1, able to fly 2
a: Stop Flying, Depart the Abyss, Bend Space, Banish, Corrupt, Enter the Abyss,
Brand Weapon With Distortion, Renounce Religion
}: 2/15 runes: decaying, gossamer


You were on level 1 of the Vaults.
You worshipped Lugonu.
Lugonu was exalted by your worship.
You were very full.

You visited 6 branches of the dungeon, and saw 32 of its levels.
You visited the Abyss 1 time.

You collected 3467 gold pieces.
You spent 58 gold pieces at shops.

Inventory:

Hand Weapons
 a - the +10 halberd "Lilitwoj" {venom, +Inv Str+5 Int+7 Dex-4}
   (You found it on level 3 of the Abyss)

   It poisons the flesh of those it strikes.
   It affects your strength (+5).
   It affects your intelligence (+7).
   It affects your dexterity (-4).
   It lets you turn invisible.
 b - the +5 war axe of Evil (weapon) {elec, rPois MR+ Str+4}
   (You found it on level 7 of the Dungeon)

   Occasionally, upon striking a foe, it will discharge some electrical energy
   and cause terrible harm.
   It affects your strength (+4).
   It protects you from poison.
   It affects your resistance to hostile enchantments.
 h - a +3 battleaxe of flaming
 S - a +0 broad axe
Missiles
 d - 8 silver javelins (quivered)
Armour
 c - a +1 ring mail of magic resistance (worn)
 C - a +2 hat of spirit shield (worn)
 H - a +2 cloak (worn)
 I - a +2 scale mail of fire resistance
 L - a +1 scale mail of cold resistance
 M - a +2 pair of gloves (worn)
 P - the +1 leather armour "Jusole" {Str+5 SInv}
   (You took it off an orc on level 11 of the Dungeon)

   It affects your strength (+5).
   It lets you see invisible.
Jewellery
 u - a ring of protection from cold (left hand)
 B - a ring of magical power (right hand)
 E - an amulet of the gourmand (around neck)
 F - an uncursed ring of protection from magic
Wands
 O - a wand of lightning (3/15)
 R - a wand of disintegration (4/24)
Scrolls
 e - 7 scrolls of teleportation
 i - 3 scrolls of enchant weapon
 j - 15 scrolls of remove curse
 n - 7 scrolls of recharging
 p - 9 scrolls of amnesia
 s - 2 scrolls of blinking
 v - 9 scrolls of magic mapping
 w - 2 scrolls of summoning
 x - 4 scrolls of fog
 D - a scroll of fear
 J - a scroll of silence
 N - 3 scrolls of identify
 Y - a scroll of holy word
Potions
 f - 2 potions of magic
 g - 3 potions of brilliance
 k - 2 potions of lignification
 l - 2 potions of ambrosia
 m - a potion of haste
 r - 9 potions of curing
 t - 2 potions of cure mutation
 A - a potion of invisibility
 G - a potion of agility
 K - 3 potions of heal wounds
 X - 2 potions of berserk rage
 Z - 2 potions of cancellation
Miscellaneous
 T - a fan of gales
 U - a lamp of fire
 W - a box of beasts
Comestibles
 o - 11 meat rations
 q - 13 beef jerkies
 y - 14 bread rations
 z - 19 fruits
 Q - 4 chunks of flesh


   Skills:
 + Level 14.6 Fighting
 - Level 16.0 Polearms
 - Level 10.0 Armour
 + Level 15.4 Dodging
 - Level 7.0 Stealth
 - Level 2.1 Unarmed Combat
 - Level 5.0 Spellcasting
 - Level 9.7 Translocations
 - Level 10.2 Air Magic
 + Level 11.7 Invocations
 - Level 5.6 Evocations


You had 13 spell levels left.
You knew the following spells:

 Your Spells              Type           Power        Failure   Level  Hunger
a - Airstrike             Air            ####......   6%          4    ####...
e - Lesser Beckoning      Tloc           ####......   1%          3    ###....
l - Passage of Golubria   Tloc           N/A          8%          4    ####...
m - Repel Missiles        Chrm/Air       ###...       8%          2    ##.....
p - Passwall              Tmut/Erth      #.........   47%         2    ##.....


Dungeon Overview and Level Annotations

Branches:
Dungeon (15/15)            Temple (0/1) D:7            Lair (6/6) D:11
  Swamp (4/4) Lair:4       Spider (4/4) Lair:3        Slime (0/5) Lair:6
    Orc (2/2) D:12            Elf (0/3) Orc:2        Vaults (1/5) D:14
 Depths (0/5) D:15

Altars:
Cheibriados
Dithmenos
Elyvilon
Gozag
Kikubaaqudgha
Makhleb
Qazlal
Trog
Vehumet

Shops:
D:13 ?   Orc:2 :*[:

Annotations:
D:4 Amnesiac's ghost, weakling DsWn
Swamp:4 corrupted
Vaults:1 corrupted
Abyss:1 Nikola


Innate Abilities, Weirdness & Mutations

You have a beak for a mouth.
You have claws for feet.
You can fly continuously.
You have a pair of small antennae on your head.
Your system is resistant to poisons. (rPois)
You evolve.


Message History

The quasit closely misses the rakshasa.
The quasit claws the rakshasa but does no damage.
The quasit claws the rakshasa.
The rakshasa gestures at the quasit.
The orb of energy hits the quasit.
The quasit dies!
The orb of energy explodes!
The mystic blast hits the small abomination.
The mystic blast hits the iron imp.
The tormentor calls on the powers of darkness!
The purple draconian convulses!
Your body is wracked with pain!
* * * LOW HITPOINT WARNING * * *
The raiju convulses!
The centaur warrior convulses!
The iron imp closely misses the rakshasa.
The rakshasa hits the quasit with a trident!!
The quasit dies!
The large abomination hits you!
* * * LOW HITPOINT WARNING * * *
Something hits you!
You die... #...(..#'####### #......#.......# #......#.......# cz.c

#....))#...>...# #pR#
#...)..+..(...5## #..#
#....).+.......h## #..#
########....5c... #..#
##############.#..### #..#
.............Xx{@zR.# { #..#
.......)......X)X4x5#####'##
...############.35{(#......###
#### ##.....####4X2)#c.#.#...##
...##..# #..##).R3#{#..#....#
...'.#########.)d.W.#....###.)##
...#.........X(#.{xxR.###..#...#
...#.#########.#...x#h..#..###.#
...##..#####..##.)p..#..###....##


You could see 3 rakshasas, a centaur warrior, a neutral starcursed mass, a
neutral purple draconian, 3 neutral large abominations, 2 neutral rust devils, a
neutral sixfirhy, a neutral smoke demon, a neutral tormentor, a neutral raiju, a
neutral wraith, a neutral hell hound, 5 neutral small abominations, a neutral
flying skull, a neutral iron imp, a neutral quasit, a neutral white imp and a
neutral shadow imp.

Vanquished Creatures
  Gastronok (D:8)
  3 thorn hunters
  An orc warlord (Orc:2)
  4 ghost moths
  3 vault wardens (Vaults:1)
  2 ironheart preservers (Vaults:1)
  3 emperor scorpions
  4 entropy weavers
  4 spark wasps (Spider:4)
  A fire dragon (Vaults:1)
  A yaktaur captain (Vaults:1)
  6 vault guards (Vaults:1)
  An ice dragon (Vaults:1)
  A rakshasa (Vaults:1)
  The ghost of removeelyvilon the Nimble, a journeyman DrTm of Cheibriados (D:11)
  9 hydras
  3 centaur warriors
  A catoblepas (D:13)
  A ghost crab (Swamp:4)
  A death knight (D:15)
  2 dancing weapons (D:14)
  8 alligators
  5 orc high priests (Orc:2)
  Nergalle (Lair:4)
  5 skeletal warriors
  3 deep trolls (Vaults:1)
  4 spriggan druids
  5 unseen horrors
  3 wizards
  9 swamp dragons
  4 shambling mangroves
  3 hill giants
  4 orc knights
  5 ironbrand convokers (Vaults:1)
  32 wolf spiders
  A necromancer (Vaults:1)
  A deep elf mage (D:15)
  2 phantasmal warriors (D:15)
  21 orb spiders
  5 orc sorcerers (Orc:2)
  6 ugly things
  A frost giant zombie (D:15)
  2 manticores (D:14)
  2 moths of wrath
  A frost giant skeleton (D:15)
  5 cyclopes
  3 torpor snails
  6 black mambas
  2 centaur zombies
  2 spiny frogs (shapeshifter)
  14 spiny frogs
  5 rime drakes
  5 centaur skeletons
  A kobold demonologist (D:14)
  2 freezing wraiths (D:15)
  9 komodo dragons
  A guardian mummy (D:14)
  An efreet (D:14)
  18 demonic crawlers
  7 trolls
  28 hornets
  33 jumping spiders
  6 polar bears
  7 tyrant leeches
  A polar bear (shapeshifter) (D:15)
  4 two-headed ogres
  A deep troll zombie (D:15)
  14 slime creatures
  7 dream sheep (Lair:6)
  18 blink frogs
  5 hippogriffs
  5 bog bodies
  An ettin zombie (D:15)
  A meliai zombie (D:15)
  109 redbacks
  A vampire (D:13)
  6 wraiths
  A shadow (D:8)
  19 spriggans
  39 tarantellas
  7 wyverns
  37 yaks
  2 hungry ghosts
  2 basilisks
  A human simulacrum (Vaults:1)
  16 vampire mosquitoes
  A soldier ant (D:15)
  19 swamp worms
  13 insubstantial wisps
  A warg (Orc:2)
  13 water moccasins
  9 porcupines
  10 swamp drakes
  5 ice beasts
  25 orc warriors
  3 sky beasts
  2 eyes of draining
  A hornet zombie (D:10)
  12 ogres
  5 black bears
  38 wolves
  5 boggarts
  8 centaurs
  A necrophage (D:12)
  2 big kobolds
  17 crocodiles
  22 bullfrogs
  2 wyvern skeletons
  Dowan (D:4)
  2 scorpions
  5 wights (D:11)
  A troll skeleton (D:12)
  6 howler monkeys
  3 electric eels
  6 crimson imps
  2 bullfrog zombies
  6 human zombies (D:12)
  11 jellies
  3 hounds
  14 orc priests
  5 bullfrog skeletons
  29 orc wizards
  A human skeleton (D:12)
  8 iguanas
  11 worker ants
  A killer bee zombie (D:6)
  An ogre zombie (D:12)
  4 hound skeletons
  A howler monkey zombie (D:5)
  Robin (D:4)
  A howler monkey skeleton (D:4)
  11 adders
  2 shadow imps
  9 oozes
  4 adder skeletons
  An adder zombie (D:8)
  A worm (D:5)
  10 leopard geckos
  85 orcs
  5 giant cockroaches
  18 goblins
  14 hobgoblins
  4 jackals (D:5)
  4 quokkas
  2 ball pythons
  7 bats
  4 frilled lizards
  A jackal skeleton (D:4)
  13 kobolds
  A leopard gecko zombie (D:5)
  An orc skeleton (D:12)
  10 rats
  2 briar patches
  25 plants (Lair:4)
1209 creatures vanquished.

Vanquished Creatures (collateral kills)
  An alligator (Swamp:2)
1 creature vanquished.

Vanquished Creatures (others)
  the Lernaean hydra (Swamp:4)
  Asterion (Spider:2)
  10 hydras
  2 swamp dragons (Swamp:4)
  An unseen horror (Vaults:1)
  An orc knight (Orc:2)
  A necromancer (D:14)
  A spiny frog (Swamp:4)
  A yaktaur (Vaults:1)
  A komodo dragon (Lair:6)
  2 redbacks (Spider:2)
  An orc warrior (D:6)
  An orc priest (D:6)
  A worm (D:4)
  An orc (Orc:1)
  A quokka (D:4)
  24 fungi
  10 plants
  4 starspawn tentacles
  4 toadstools (D:1)
  A withered plant (D:15)
70 creatures vanquished.

Grand Total: 1280 creatures vanquished

Notes
Turn   | Place    | Note
-------+----------+-------------------------------------------
     0 | Abyss:1  | vev the Tengu Abyssal Knight began the quest for the Orb.
     0 | Abyss:1  | Reached XP level 1. HP: 14/14 MP: 3/3
    32 | Abyss:1  | Noticed a starcursed mass
    34 | Abyss:1  | Noticed a frost giant skeleton
    44 | Abyss:1  | Noticed a tentacled starspawn
    56 | Abyss:1  | Noticed a quasit
    67 | Abyss:2  | Noticed a chaos spawn
    67 | Abyss:2  | Noticed a chaos spawn
    68 | Abyss:2  | Noticed a chaos spawn
   100 | Abyss:3  | Got an encrusted halberd
   101 | Abyss:3  | Identified the +10 halberd "Lilitwoj" {venom, +Inv Str+5 Int+7 Dex-4} (You found it on level 3 of the Abyss)
   134 | Abyss:3  | Noticed an ice beast
   134 | D:1      | Escaped the Abyss
   335 | D:1      | Reached XP level 2. HP: 19/19 MP: 4/4
   401 | D:1      | Reached * piety under Lugonu
   401 | D:1      | Reached skill level 1 in Polearms
   596 | D:1      | Reached skill level 2 in Invocations
   596 | D:1      | Reached XP level 3. HP: 20/23 MP: 5/5
  1026 | D:2      | Found a radiant altar of Vehumet.
  1625 | D:3      | Reached XP level 4. HP: 28/28 MP: 6/6
  1961 | D:3      | Found a faded altar of an unknown god.
  2054 | D:4      | Reached skill level 2 in Polearms
  2063 | D:4      | Noticed an ogre
  2069 | D:4      | Killed an ogre
  2069 | D:4      | Reached ** piety under Lugonu
  2069 | D:4      | Reached skill level 3 in Armour
  2069 | D:4      | Reached skill level 2 in Dodging
  2069 | D:4      | Gained mutation: You can fly. [Tengu growth]
  2069 | D:4      | Reached XP level 5. HP: 15/33 MP: 6/8
  2142 | D:4      | Noticed Amnesiac's ghost (weakling DsWn)
  2338 | D:4      | Found a stormy altar of Qazlal.
  2533 | D:4      | Reached XP level 6. HP: 33/38 MP: 9/9
  2559 | D:4      | Reached skill level 3 in Invocations
  2564 | D:4      | Noticed Robin
  2566 | D:4      | Killed Robin
  2566 | D:4      | Reached skill level 3 in Polearms
  2708 | D:4      | Reached skill level 4 in Fighting
  2945 | D:4      | Found a white marble altar of Elyvilon.
  2946 | D:4      | Noticed Dowan
  2965 | D:4      | Killed Dowan
  3250 | D:5      | Entered Level 5 of the Dungeon
  3296 | D:5      | Reached skill level 4 in Polearms
  3299 | D:5      | Reached XP level 7. HP: 32/43 MP: 10/10
  3469 | D:5      | Reached skill level 3 in Dodging
  3600 | D:5      | Found a shadowy altar of Dithmenos.
  3690 | D:5      | Reached skill level 4 in Armour
  3777 | D:5      | Reached skill level 5 in Polearms
  4062 | D:5      | Reached XP level 8. HP: 42/48 MP: 11/11
  4278 | D:6      | Reached skill level 5 in Fighting
  4283 | D:6      | Reached skill level 4 in Dodging
  4285 | D:6      | Reached *** piety under Lugonu
  4510 | D:6      | Reached skill level 4 in Invocations
  4563 | D:6      | Reached skill level 6 in Polearms
  4650 | D:6      | Found a bloodstained altar of Trog.
  4656 | D:6      | Reached skill level 5 in Armour
  5047 | D:6      | HP: 3/50 [orc priest/divine providence (10)]
  5048 | D:6      | the orc warrior is devoured by a tear in reality.
  5048 | D:6      | Reached XP level 9. HP: 4/54 MP: 13/13
  5049 | D:6      | the orc priest is devoured by a tear in reality.
  5434 | D:6      | Reached skill level 7 in Polearms
  5983 | D:7      | Found a staircase to the Ecumenical Temple.
  6097 | D:7      | Reached skill level 5 in Dodging
  6122 | D:7      | Got a twisted war axe
  6137 | D:7      | Identified the +5 war axe of Evil {elec, rPois MR+ Str+4} (You found it on level 7 of the Dungeon)
  6218 | D:7      | Reached skill level 5 in Invocations
  6284 | D:7      | Reached skill level 6 in Fighting
  6480 | D:7      | Found an opulent altar of Gozag.
  7178 | D:8      | Reached skill level 6 in Armour
  7229 | D:8      | Reached skill level 8 in Polearms
  7297 | D:8      | Noticed Gastronok
  7309 | D:8      | Reached **** piety under Lugonu
  7309 | D:8      | Reached skill level 6 in Dodging
  7312 | D:8      | Reached XP level 10. HP: 41/61 MP: 15/15
  7323 | D:8      | Killed Gastronok
  7323 | D:8      | Reached skill level 7 in Fighting
  7323 | D:8      | Reached skill level 9 in Polearms
  7323 | D:8      | Reached skill level 7 in Armour
  7323 | D:8      | Reached skill level 6 in Invocations
  7760 | D:8      | Noticed a hill giant
  7780 | D:8      | Reached skill level 7 in Dodging
  7813 | D:8      | Killed a hill giant
  7825 | D:8      | Reached skill level 10 in Polearms
  8100 | D:8      | Noticed a centaur warrior
  8115 | D:8      | Killed a centaur warrior
  8115 | D:8      | Reached XP level 11. HP: 24/67 MP: 7/16
  8356 | D:8      | Learned a level 2 spell: Passwall
  8878 | D:9      | Found an ancient bone altar of Kikubaaqudgha.
  9086 | D:9      | Paralysed by a hornet for 3 turns
  9368 | D:9      | Found a snail-covered altar of Cheibriados.
  9544 | D:10     | Entered Level 10 of the Dungeon
  9615 | D:10     | Reached skill level 11 in Polearms
  9616 | D:10     | Reached ***** piety under Lugonu
  9884 | D:10     | Reached skill level 8 in Dodging
 10328 | D:11     | Reached skill level 8 in Armour
 10404 | D:11     | Reached skill level 7 in Invocations
 10453 | D:11     | Reached skill level 8 in Fighting
 10637 | D:11     | Found a staircase to the Lair.
 10689 | D:11     | Found a burning altar of Makhleb.
 10809 | D:11     | Noticed removeelyvilon's ghost (journeyman DrTm)
 10825 | D:11     | Killed an unseen horror
 10887 | D:11     | Killed removeelyvilon's ghost
 10913 | D:11     | Got an ichor-stained leather armour
 10924 | D:11     | Identified the +1 leather armour "Jusole" {Str+5 SInv} (You took it off an orc on level 11 of the Dungeon)
 11155 | Lair:1   | Entered Level 1 of the Lair of Beasts
 11407 | Lair:1   | Noticed a seven-headed hydra
 11415 | Lair:1   | Reached XP level 12. HP: 72/75 MP: 18/18
 11417 | Lair:1   | the seven-headed hydra is devoured by a tear in reality.
 11417 | Lair:1   | Banished a seven-headed hydra
 11417 | Lair:1   | Reached skill level 12 in Polearms
 11634 | Lair:1   | Reached skill level 9 in Dodging
 11974 | Lair:2   | Reached skill level 9 in Fighting
 12188 | Lair:2   | Noticed a six-headed hydra
 12189 | Lair:2   | the six-headed hydra is devoured by a tear in reality.
 12189 | Lair:2   | Banished a six-headed hydra
 12245 | Lair:2   | Reached skill level 8 in Invocations
 12387 | Lair:2   | You fall through a shaft!
 12408 | Lair:3   | Found a hole to the Spider Nest.
 12768 | Lair:2   | Noticed a five-headed hydra
 12773 | Lair:2   | the five-headed hydra is devoured by a tear in reality.
 12773 | Lair:2   | Banished a five-headed hydra
 13251 | Lair:3   | Reached skill level 13 in Polearms
 14116 | Lair:4   | Noticed an eight-headed hydra
 14121 | Lair:4   | the eight-headed hydra is devoured by a tear in reality.
 14121 | Lair:4   | Banished an eight-headed hydra
 14121 | Lair:4   | Reached XP level 13. HP: 71/81 MP: 11/20
 14124 | Lair:4   | Reached skill level 10 in Dodging
 14484 | Lair:4   | the four-headed hydra is devoured by a tear in reality.
 14638 | Lair:4   | Found a staircase to the Swamp.
 14815 | Lair:4   | Noticed Nergalle
 15053 | Lair:4   | Reached skill level 9 in Invocations
 15072 | Lair:4   | Reached skill level 10 in Fighting
 15094 | Lair:4   | Killed Nergalle
 15818 | Lair:5   | the four-headed hydra is devoured by a tear in reality.
 15971 | Lair:5   | Reached skill level 14 in Polearms
 16091 | Lair:5   | Learned a level 2 spell: Repel Missiles
 16531 | Lair:5   | the seven-headed hydra is devoured by a tear in reality.
 16531 | Lair:5   | Reached skill level 1 in Air Magic
 16912 | Lair:6   | Entered Level 6 of the Lair of Beasts
 16923 | Lair:6   | Reached skill level 2 in Air Magic
 17136 | Lair:6   | Reached skill level 3 in Air Magic
 17242 | Lair:6   | HP: 7/83 [wolf (4)]
 17586 | Lair:6   | Reached skill level 4 in Air Magic
 17717 | Lair:6   | Reached skill level 11 in Dodging
 17736 | Lair:6   | Reached skill level 5 in Air Magic
 17770 | Lair:6   | Gained mutation: You can fly continuously. [Tengu growth]
 17770 | Lair:6   | Reached XP level 14. HP: 65/88 MP: 22/22
 17882 | Lair:6   | Reached skill level 6 in Air Magic
 18406 | Lair:6   | the six-headed hydra is devoured by a tear in reality.
 18406 | Lair:6   | Reached skill level 15 in Polearms
 18456 | Lair:6   | Reached skill level 7 in Air Magic
 18897 | Lair:6   | the seven-headed hydra is devoured by a tear in reality.
 18940 | Lair:6   | Reached skill level 10 in Invocations
 19040 | Lair:6   | Found a staircase to the Slime Pits.
 19425 | D:12     | Reached skill level 8 in Air Magic
 19470 | D:12     | the seven-headed hydra is devoured by a tear in reality.
 19571 | D:12     | Found a staircase to the Orcish Mines.
 19597 | D:12     | Reached skill level 11 in Fighting
 19629 | D:12     | the four-headed hydra is devoured by a tear in reality.
 19856 | D:12     | Found an ancient bone altar of Kikubaaqudgha.
 20023 | D:13     | Found Koyv's Magic Scroll Emporium.
 20038 | D:13     | Bought a scroll of identify for 28 gold pieces
 20166 | D:13     | Got a shimmering chain mail
 20185 | D:13     | Identified the +2 chain mail of Generosity {rC+ Slay+3} (You found it on level 13 of the Dungeon)
 20818 | D:14     | Found a gate to the Vaults.
 20970 | D:14     | Gained mutation: You evolve. [mutagenic meat]
 21474 | D:14     | the five-headed hydra is devoured by a tear in reality.
 21474 | D:14     | Reached XP level 15. HP: 95/95 MP: 23/23
 21492 | D:14     | Reached skill level 1 in Evocations
 21500 | D:14     | Reached skill level 12 in Dodging
 21591 | D:15     | Entered Level 15 of the Dungeon
 21625 | D:14     | the necromancer is devoured by a tear in reality.
 21847 | D:14     | Reached skill level 16 in Polearms
 22051 | D:15     | Reached skill level 2 in Evocations
 22313 | D:15     | Reached skill level 3 in Evocations
 22822 | D:15     | Found a staircase to the Depths.
 23048 | D:15     | Reached skill level 12 in Fighting
 23063 | D:15     | Reached skill level 4 in Evocations
 23397 | D:15     | Reached ****** piety under Lugonu
 23611 | Orc:1    | Entered Level 1 of the Orcish Mines
 23756 | Orc:2    | Entered Level 2 of the Orcish Mines
 23802 | Orc:2    | Found a staircase to the Elven Halls.
 23965 | Orc:1    | Noticed an orc warlord
 24024 | Orc:2    | Killed an orc warlord
 24620 | Orc:2    | Reached skill level 5 in Evocations
 24676 | Orc:2    | Found Mourot's Book Emporium.
 24682 | Orc:2    | Reached skill level 13 in Dodging
 25113 | Orc:2    | the orc knight is devoured by a tear in reality.
 25502 | Orc:2    | Found Kiewkilu's Armour Boutique.
 25507 | Orc:2    | Found Otimic Baint's General Store.
 25509 | Orc:2    | Found Xiciucum's Book Emporium.
 25515 | Orc:2    | Bought a scroll of identify for 30 gold pieces
 26345 | Swamp:1  | Entered Level 1 of the Swamp
 26486 | Swamp:1  | Reached skill level 1 in Stealth
 26602 | Swamp:1  | Reached skill level 2 in Stealth
 26624 | Swamp:1  | Reached skill level 9 in Armour
 26966 | Swamp:1  | Reached XP level 16. HP: 89/103 MP: 24/24
 27157 | Swamp:1  | Reached skill level 3 in Stealth
 27737 | Swamp:1  | You are sucked into a shaft!
 27758 | Swamp:1  | Paralysed by a hornet for 2 turns
 28016 | Swamp:1  | Gained mutation: Your system is resistant to poisons. (rPois) [evolution]
 28044 | Swamp:2  | Reached skill level 4 in Stealth
 28179 | Swamp:2  | Noticed a thorn hunter
 28194 | Swamp:2  | Killed a thorn hunter
 28462 | Swamp:2  | Reached skill level 5 in Stealth
 28576 | Swamp:2  | Noticed a thorn hunter
 29212 | Swamp:2  | Killed a thorn hunter
 29215 | Swamp:2  | Reached skill level 13 in Fighting
 29541 | Swamp:3  | Reached skill level 6 in Stealth
 29848 | Swamp:3  | Learned a level 4 spell: Airstrike
 30016 | Swamp:3  | Noticed a thorn hunter
 30065 | Swamp:3  | Killed a thorn hunter
 30065 | Swamp:3  | Reached skill level 10 in Armour
 30423 | Swamp:4  | Entered Level 4 of the Swamp
 30529 | Swamp:4  | Gained mutation: Your flesh is heat resistant. (rF+) [potion of beneficial mutation]
 31180 | Swamp:4  | Reached skill level 7 in Stealth
 31443 | Swamp:4  | Reached skill level 14 in Dodging
 31527 | Swamp:4  | Noticed Nikola
 31972 | Swamp:4  | Nikola is devoured by a tear in reality.
 31972 | Swamp:4  | Banished Nikola
 32117 | Swamp:4  | Reached skill level 9 in Air Magic
 32162 | Swamp:4  | Noticed the 27-headed Lernaean hydra
 32168 | Swamp:4  | Corrupted Swamp:4
 32168 | Swamp:4  | Noticed a tentacled starspawn
 32178 | Swamp:4  | Killed the 27-headed Lernaean hydra
 32490 | Swamp:4  | Got a decaying rune of Zot
 33133 | Lair:4   | Upgraded the game from 0.19-a0-1886-gd64a0f0 to 0.19-a0-1889-g9c603be
 33160 | Spider:1 | Entered Level 1 of the Spider Nest
 33345 | Spider:1 | Reached XP level 17. HP: 110/110 MP: 25/25
 33820 | Spider:1 | Reached skill level 10 in Air Magic
 34641 | Spider:2 | Noticed Asterion
 34708 | Spider:1 | Reached skill level 1 in Spellcasting
 34794 | Spider:2 | Reached skill level 14 in Fighting
 34961 | Spider:2 | Reached skill level 11 in Invocations
 35589 | Spider:1 | Learned a level 3 spell: Lesser Beckoning
 35594 | Spider:1 | Learned a level 4 spell: Passage of Golubria
 35617 | Spider:1 | Reached skill level 2 in Spellcasting
 35731 | Spider:2 | Reached skill level 1 in Translocations
 35945 | Spider:2 | Reached skill level 2 in Translocations
 36174 | Spider:2 | Killed Asterion
 36192 | Spider:2 | Reached skill level 3 in Spellcasting
 36415 | Spider:2 | Reached skill level 3 in Translocations
 37081 | Spider:3 | Reached skill level 4 in Translocations
 37098 | Spider:3 | Lost mutation: Your flesh is heat resistant. (rF+) [evolution]
 37184 | Spider:2 | the redback is devoured by a tear in reality.
 37716 | Spider:3 | Reached skill level 4 in Spellcasting
 37985 | Spider:3 | Reached skill level 5 in Translocations
 38846 | Spider:3 | Reached XP level 18. HP: 111/116 MP: 27/27
 38858 | Spider:3 | Reached skill level 5 in Spellcasting
 39074 | Spider:3 | Reached skill level 6 in Translocations
 39637 | Spider:4 | Entered Level 4 of the Spider Nest
 40319 | Spider:4 | Reached skill level 7 in Translocations
 41238 | Spider:4 | Reached skill level 8 in Translocations
 41973 | Spider:4 | Reached skill level 9 in Translocations
 42191 | Spider:4 | Gained mutation: You have a pair of small antennae on your head. [evolution]
 42414 | Spider:4 | Got a gossamer rune of Zot
 42816 | Vaults:1 | Entered Level 1 of the Vaults
 43296 | Vaults:1 | Reached skill level 15 in Dodging
 44518 | Vaults:1 | Reached XP level 19. HP: 122/122 MP: 28/28
 44547 | Vaults:1 | Corrupted Vaults:1
 44549 | Vaults:1 | HP: 5/122 [large abomination[Lugonu's corruption] (12)]
 44549 | Vaults:1 | Slain by a shadow wraith

Vault maps used:
D:1:      ldierk_water_garden, minmay_pentomino_w4
D:2:      old_standard_altar
D:3:      ecumenical_altar_1
D:4:      elyvilon_altar_4, first_bread, nicolae_qazlal_eye_of_the_storm,
          uniq_robin, uniq_duvessa
D:5:      nicolae_dithmenos_shadow_blocks, kennysheep_windowed_goal
D:6:      trog_ov_bears_minmay, kennysheep_potato
D:7:      lemuel_doored_altar
D:8:      minmay_bloctagon, uniq_gastronok
D:9:      overflow_temple_1_default, lemuel_round_altar
D:11:     lair_0_dummy, basic_altar, hangedman_little_slice_of_home
D:12:     orc_0_dummy, lemuel_mausoleum_altar_kikubaaqudgha
D:13:     serial_shops, nicolae_shop_crystal
D:14:     erik_vaults_1, hangedman_decor_lopped, kennysheep_another_room,
          hangedman_decor_peaks_small
D:15:     gammafunk_depths_entry_grave
Lair:1:   minivault_26
Lair:3:   dummy_spider_entry, serial_bayou_shore_a
Lair:4:   wad_woods_structure_01, minmay_swamp_entry_reptiles, ldierk_geyser,
          uniq_nergalle
Lair:6:   minmay_lair_end_enchanted_forest, nicolae_slime_entry_slimehenge
Swamp:1:  nicolae_swamp_triple_paths
Swamp:2:  serial_swamp_ruin, evilmike_swamp_ruin_house_1,
          hangedman_swamp_ruin_wall, evilmike_swamp_ruin_wall
Swamp:3:  hangedman_swamp_lotus, infiniplex_staircase_pool
Swamp:4:  swamp_old_school, uniq_nikola
Spider:2: spider_trap, uniq_asterion
Spider:3: einodemon_crawler_minivault
Spider:4: spider_rune_water
Orc:2:    st_orc_elflike
Vaults:1: hangedman_vaults_capsules, vaults_standard_mumra_x,
          ontoclasm_vaults_spin, st_lines, v_misc_25,
          nicolae_vaults_circle_grid_a, nicolae_vaults_diagonal_hallway_7,
          vaults_mumra_chevron_long, nicolae_vaults_theta,
          hangedman_vaults_slither, v_pattern_3, hangedman_vaults_unwind,
          nicolae_vaults_little_squares_6
Abyss:2:  evilmike_abyss_exit_chaos
Abyss:3:  evilmike_abyss_rune_siren_acolytes

Skill      XL: |  1  2  3  4  5  6  7  8  9 10 11 12 13 14 15 16 17 18 |
---------------+-------------------------------------------------------+-----
Polearms       | 1 2 4 5 6 8 10 11 13 14 15 16 | 16.0
Invocations    | 2 3 4 5 6 7 8 9 10 11 | 11.7
Armour         | 3 4 5 6 7 8 9 10 | 10.0
Dodging        | 2 3 4 6 7 8 9 11 13 14 15 | 15.4
Fighting       | 4 5 6 7 8 9 10 11 12 13 14 | 14.6
Air Magic      | 5 8 9 10 | 10.2
Evocations     | 5 |  5.6
Stealth        | 2 7 |  7.0
Spellcasting   | 4 5 |  5.0
Translocations | 5 9 |  9.7
Unarmed Combat | |  2.1

Action                   |  1- 3 |  4- 6 |  7- 9 | 10-12 | 13-15 | 16-18 | 19-21 || total
-------------------------+-------+-------+-------+-------+-------+-------+-------++-------
Melee: Halberd           |    77 |   108 |   246 |   491 |  1628 |  1528 |     5 ||  4083
       Peck              |     9 |     6 |    32 |    62 |   289 |   304 |     6 ||   708
       Kick              |     8 |    10 |    41 |   103 |   490 |   458 |     7 ||  1117
       Unarmed           |       |       |       |       |     1 |       |       ||     1
       Battleaxe         |       |       |       |       |       |    35 |       ||    35
       War axe           |       |       |       |       |       |     6 |    11 ||    17
Throw: Throwing net      |       |       |       |       |     1 |       |       ||     1
       Javelin           |       |       |       |       |       |     6 |       ||     6
 Cast: Repel Missiles    |       |       |       |       |     1 |     3 |       ||     4
       Airstrike         |       |       |       |       |       |   211 |       ||   211
       Passwall          |       |       |       |       |       |     3 |       ||     3
       Lesser Beckoning  |       |       |       |       |       |     2 |       ||     2
       Passage of Golubr |       |       |       |       |       |     1 |       ||     1
Invok: Depart the Abyss  |     1 |       |       |       |       |       |       ||     1
       Banish            |       |       |     2 |    11 |    19 |     2 |       ||    34
       Bend Space        |       |       |       |       |     7 |    12 |     1 ||    20
       Corrupt           |       |       |       |       |       |     1 |     1 ||     2
 Abil: Fly               |       |       |       |     2 |     5 |       |       ||     7
       Evoke Invisibilit |       |       |       |     1 |     3 |     3 |       ||     7
Evoke: Wand              |       |       |       |     2 |    16 |     2 |       ||    20
       Sack of spiders   |       |       |       |       |       |     2 |       ||     2
       Lamp of fire      |       |       |       |       |       |     2 |       ||     2
       Fan of gales      |       |       |       |       |       |     1 |       ||     1
       Box of beasts     |       |       |       |       |       |     1 |       ||     1
  Use: Potion            |       |     1 |     1 |     2 |     1 |     4 |       ||     9
       Scroll            |       |     6 |     6 |     8 |    13 |     8 |       ||    41
 Stab: Invisible         |       |       |       |     4 |     5 |     8 |       ||    17
       Distracted        |       |       |       |       |     1 |     5 |       ||     6
       Held in net/web   |       |       |       |       |     1 |       |       ||     1
       Petrified         |       |       |       |       |     1 |       |       ||     1
       Sleeping          |       |       |       |       |       |    13 |       ||    13
  Eat: Chunk             |     2 |     4 |    28 |    30 |    51 |    74 |       ||   189
       Meat ration       |       |       |       |       |       |     3 |       ||     3
       Bread ration      |       |       |       |       |       |     1 |       ||     1
       Pizza             |       |       |       |       |       |     1 |       ||     1
Armor: Leather armour    |     6 |       |       |       |       |   141 |       ||   147
       Ring mail         |     6 |    18 |    43 |       |       |    16 |    14 ||    97
       Scale mail        |       |       |    16 |   136 |   255 |   167 |       ||   574
Dodge: Dodged            |    37 |    37 |   102 |   228 |   783 |  1330 |    46 ||  2563
       Deflected         |       |       |       |       |     6 |     9 |       ||    15
